 Dungeon Crawl Stone Soup version 0.29.1-15-g9cfb28693d (webtiles) character file.

Game seed: 5970329367215864014

1210 workbot the Cleaver (level 8, -1/64 HPs)
             Began as a Minotaur Berserker on May 2, 2023.
             Was a Believer of Trog.
             Splashed by a jelly's acid (7 damage)
             ... on level 6 of the Dungeon.
             The game lasted 00:10:28 (4730 turns).

workbot the Cleaver (Minotaur Berserker)            Turns: 4730, Time: 00:10:30

Health: -1/64      AC:  4    Str: 24    XL:     8   Next: 22%
Magic:  7/7        EV:  6    Int:  4    God:    Trog [**....]
Gold:   233        SH:  9    Dex: 10    Spells: 7/7 levels left

rFire   + + .      SeeInvis .   a - +0 hand axe
rCold   . . .      Faith    .   o - +0 tower shield
rNeg    . . .      Spirit   .   l - +5 ring mail of the Harvest Moon {Fly rF++ Will- Regen+}
rPois   .          Reflect  .   (helmet restricted)
rElec   .          Harm     .   d - +0 cloak
rCorr   .          Rampage  .   (no gloves)
Will    .....                   b - +0 pair of boots
Stlth   ..........              (no amulet)
HPRegen 1.00/turn               (no ring)
MPRegen 0.10/turn               (no ring)

@: corroded, on berserk cooldown, flying, slowed, very slow
A: horns 2, retaliatory headbutt
a: Renounce Religion, Berserk, Trog's Hand


You were on level 6 of the Dungeon.
You worshipped Trog.
Trog was pleased with you.
You visited 1 branch of the dungeon, and saw 6 of its levels.

You collected 233 gold pieces.

Inventory:

Hand Weapons
 a - a +0 hand axe (weapon)
Armour
 b - a +0 pair of boots (worn)
 d - a +0 cloak (worn)
 l - the +5 ring mail of the Harvest Moon (worn) {Fly rF++ Will- Regen+}
   (You found it on level 4 of the Dungeon)

   rF:        It greatly protects you from fire.
   Fly:       It grants you flight.
   Regen:     It increases your rate of health regeneration.
   Will:      It decreases your willpower.
 o - a +0 tower shield (worn)
Wands
 c - a wand of light (14)
Scrolls
 e - a scroll of fog {unknown}
 i - 2 scrolls of enchant weapon {unknown}
 j - a scroll of summoning {unknown}
 m - a scroll of identify
 n - a scroll of immolation {unknown}
 p - a scroll of noise {unknown}
Potions
 f - 2 potions of invisibility {unknown}
 g - a potion of brilliance {unknown}
 h - a potion of curing
 k - a potion of mutation {unknown}


   Skills:
 - Level 3.6 Fighting
 * Level 12.2 Axes
 - Level 2.4 Armour
 - Level 2.1 Dodging


You had 7 spell levels left.
You didn't know any spells.
Your spell library was empty.

Dungeon Overview and Level Annotations

Branches:
Dungeon (6/15)             Temple (0/1) D:4

Altars:
Elyvilon
Sif Muna
Wu Jian

Shops:
D:5 :   D:6 [


Innate Abilities, Weirdness & Mutations

You have a pair of horns on your head.
You reflexively headbutt those who attack you in melee.


Message History

You barely miss the jelly. The jelly hits you but does no damage.
The phantom hits you but does no damage. x2
The jelly hits you. The acid corrodes you!
You are splashed with acid!
You hit the phantom but do no damage.
The phantom is moderately damaged.
You hit the jelly. The acid corrodes you!
Your hands burn!
You block the jelly's attack. You block the phantom's attack.
The phantom hits you. The jelly hits you.
You are splashed with acid!
You are too injured to fight recklessly!
You are too injured to fight recklessly!
You are too injured to fight recklessly!
You hit the jelly but do no damage.
Your hands burn!
* * * LOW HITPOINT WARNING * * *
The jelly is heavily wounded.
You hit the phantom. The jelly hits you but does no damage.
The phantom hits you.
* * * LOW HITPOINT WARNING * * *
You hit the jelly.
Your hands burn!
* * * LOW HITPOINT WARNING * * *
You headbutt the jelly.
The jelly is severely wounded.
You completely miss the phantom. You block the jelly's attack.
The phantom hits you.
* * * LOW HITPOINT WARNING * * *
The phantom blinks!
You blink.
The phantom hits you.
* * * LOW HITPOINT WARNING * * *
The phantom blinks!
You blink.
You hit the phantom. Your headbutt misses the phantom.
The phantom is heavily damaged.
The phantom hits you but does no damage.
The phantom hits you.
* * * LOW HITPOINT WARNING * * *
You hit the phantom but do no damage.
The phantom is heavily damaged.
You hit the jelly but do no damage.
Your hands burn!
* * * LOW HITPOINT WARNING * * *
The jelly hits you.
* * * LOW HITPOINT WARNING * * *
You are splashed with acid!
You die...

#.#.###....#..#.#
#..........#..#.######
#.#......[...)<.......
........._...))..#####
###.....8..........#
#....._.......####
##................
####§#......W.####
#....§..#....@.#
#.$#§####..#.J.#
#.....J..###..#...####
.....8.<.∩.8.§.......#
......#.............##
..................#.#
.....>...^##......#.#
..#.. ..............#
....................#


You could see a phantom and a jelly.

Vanquished Creatures
  Pikel (D:6)
  2 phantoms (D:5)
  A lemure (D:6)
  A necrophage (D:4)
  2 scorpions
  2 jellies
  2 hounds
  An orc priest (D:6)
  2 orc wizards (D:6)
  3 iguanas
  Natasha (D:4)
  3 gnolls (D:5)
  3 adders
  5 worms
  2 dart slugs (D:4)
  6 orcs
  7 endoplasms
  2 giant cockroaches (D:1)
  15 goblins
  9 hobgoblins
  6 kobolds
  A quokka (D:1)
  3 ball pythons
  7 bats
  3 frilled lizards
  6 rats
96 creatures vanquished.

Vanquished Creatures (others)
  2 fungi (D:2)
  A plant (D:2)
3 creatures vanquished.

Grand Total: 99 creatures vanquished

Notes
Turn   | Place    | Note
-------+----------+-------------------------------------------
     0 | D:1      | workbot the Minotaur Berserker began the quest for the Orb.
     0 | D:1      | Reached XP level 1. HP: 19/19 MP: 0/0
   222 | D:1      | Reached skill level 4 in Axes
   374 | D:1      | Reached XP level 2. HP: 26/26 MP: 1/1
   754 | D:2      | Found a faded altar of an unknown god.
   972 | D:2      | Reached skill level 5 in Axes
  1316 | D:2      | Reached XP level 3. HP: 31/31 MP: 2/2
  1445 | D:2      | Reached ** piety under Trog
  1962 | D:3      | Reached skill level 6 in Axes
  1962 | D:3      | Reached XP level 4. HP: 39/39 MP: 3/3
  2582 | D:3      | You fall into a shaft and drop 1 floor!
  2591 | D:4      | Noticed a scorpion
  2622 | D:4      | Noticed a necrophage
  2629 | D:4      | Killed a necrophage
  2630 | D:4      | Reached skill level 7 in Axes
  2630 | D:4      | Reached XP level 5. HP: 45/45 MP: 4/4
  2648 | D:4      | Found a staircase to the Ecumenical Temple.
  2705 | D:4      | Reached skill level 8 in Axes
  2857 | D:4      | Noticed Natasha
  2864 | D:4      | Killed Natasha
  2865 | D:4      | Reached XP level 6. HP: 51/51 MP: 5/5
  3093 | D:3      | Found an ornate altar of the Wu Jian Council.
  3607 | D:4      | Identified the +5 ring mail of the Harvest Moon {Fly rF++
                  | Will- Regen+}
  3990 | D:5      | Entered Level 5 of the Dungeon
  4036 | D:5      | Reached skill level 9 in Axes
  4260 | D:5      | Found Hinaf's Book Emporium.
  4275 | D:5      | Reached XP level 7. HP: 14/57 MP: 6/6
  4544 | D:5      | Reached skill level 10 in Axes
  4621 | D:6      | Found a white marble altar of Elyvilon.
  4621 | D:6      | Found a shimmering blue altar of Sif Muna.
  4626 | D:6      | Identified the +1 robe of Weq Duen {+Inv}
  4701 | D:6      | Noticed Pikel
  4702 | D:6      | Found Zuliox's Antique Armour Emporium.
  4716 | D:6      | Killed Pikel
  4717 | D:6      | Reached skill level 12 in Axes
  4717 | D:6      | Reached XP level 8. HP: 64/64 MP: 7/7
  4730 | D:6      | Splashed by a jelly's acid

Illustrated notes

Levels and vault maps discovered:
D:1:      mrwooster_arrival_statue_2, layout_rooms
D:2:      cheibrodos_greedy_goblins, layout_loops_corners,
          dreamdust_ecumenical_altar_grove, minmay_pentomino_t2
D:3:      layout_basic, mainiacjoe_overflow_alcove_1, nicolae_wormholes
D:4:      layout_basic, minmay_temple_entry_wispy, grunt_tough_drop,
          uniq_natasha
D:5:      layout_basic, serial_shops, shop
D:6:      nicolae_cairo_tiling, layout_basic,
          chequers_temple_overflow_statue_of_worship, serial_shops, shop_statue,
          uniq_pikel, uniq_eustachio

Skill      XL: |  1  2  3  4  5  6  7 |
---------------+----------------------+-----
Axes           | 4 5 6 7 8 9 12 | 12.2
Fighting       | |  3.6
Armour         | |  2.4
Dodging        | |  2.1

Action                   |  1- 3 |  4- 6 |  7- 9 || total
-------------------------+-------+-------+-------++-------
Melee: Hand axe          |   105 |    88 |    72 ||   265
       Headbutt          |    13 |    16 |    14 ||    43
Invok: Berserk           |     2 |     3 |     1 ||     6
       Trog's Hand       |       |     1 |       ||     1
  Use: Scroll            |     4 |       |       ||     4
       Potion            |     4 |       |       ||     4
Armor: Plate armour      |    60 |    28 |       ||    88
       Ring mail         |       |    16 |    42 ||    58
Dodge: Dodged            |    33 |    31 |    15 ||    79
Block: Tower shield      |       |    11 |    21 ||    32
